 Dungeon Crawl Stone Soup version 0.30.0-29-ga12c61a403 (webtiles) character file.

Game seed: 13560379927635406484

2622 Graphine the Unseen (level 9, -5/60 HPs)
             Began as a Kobold Brigand on June 13, 2023.
             Succumbed to a killer bee's poison
             ... on level 7 of the Dungeon.
             The game lasted 00:13:32 (5445 turns).

Graphine the Unseen (Kobold Brigand)                Turns: 5445, Time: 00:13:33

Health: -5/60      AC:  6    Str:  9    XL:     9   Next: 91%
Magic:  9/9        EV: 19    Int: 12    God:
Gold:   259        SH:  0    Dex: 20    Spells: 5/8 levels left

rFire   . . .        r - +3 dagger (distort)
rCold   . . .        (no shield)
rNeg    + . .        j - +2 robe {rN+}
rPois   .            (no helmet)
rElec   .            q - +0 cloak
rCorr   .            (no gloves)
SInv    .            H - +0 pair of boots
Will    .....        (no amulet)
Stlth   +++++++      x - +5 ring of evasion
HPRegen 0.30/turn    u - ring of wizardry
MPRegen 0.11/turn

%: wizardry (x1)
@: lethally poisoned (-5 -> -31)
A: small, no large weapons, nightstalker 3
a: no special abilities


You were on level 7 of the Dungeon.
You visited 2 branches of the dungeon, and saw 9 of its levels.

You collected 389 gold pieces.
You spent 130 gold pieces at shops.

Inventory:

Hand Weapons
 a - a +2 dagger
 b - a +1 dagger of speed
 f - a +2 dagger of venom
 n - a +3 spectral club
 r - a +3 dagger of distortion (weapon)
 t - a +2 dagger of draining
Missiles
 d - 32 poisoned darts (quivered)
 e - 3 curare-tipped darts
 D - 2 throwing nets
Armour
 c - a +0 cloak
 j - a +2 robe of positive energy (worn)
 o - a +0 robe of the Archmagi
 q - a +0 cloak (worn)
 H - a +0 pair of boots (worn)
Magical Staves
 G - a staff of earth
Jewellery
 p - a ring of poison resistance
 u - a ring of wizardry (right hand)
 x - a +5 ring of evasion (left hand)
 y - a ring of ice
 B - a ring of ice
Wands
 z - a wand of digging (5)
Scrolls
 h - 3 scrolls of teleportation
 l - a scroll of vulnerability
 w - a scroll of blinking
 F - a scroll of amnesia
Potions
 g - 2 potions of attraction
 i - a potion of haste {unknown}
 m - a potion of magic
 s - a potion of brilliance {unknown}
 v - a potion of ambrosia {unknown}
 A - a potion of mutation {unknown}
 C - a potion of cancellation {unknown}


   Skills:
 + Level 8.4 Fighting
 - Level 2.6 Short Blades
 - Level 2.1 Throwing
 - Level 1.2 Dodging
 * Level 15.3 Stealth


You had 5 spell levels left.
You knew the following spells:

 Your Spells              Type           Power      Damage    Failure   Level
a - Teleport Other        Tloc           0%         N/A       36%         3

Your spell library contained the following spells:

 Spells                   Type           Power      Damage    Failure   Level
 Lesser Beckoning         Tloc           0%         N/A       21%         2
 Gell's Gravitas          Tloc           0%         N/A       36%         3


Dungeon Overview and Level Annotations

Branches:
Dungeon (8/15)             Temple (1/1) D:6
   Lair: D:8-11

Altars:
Ashenzari
Cheibriados
Elyvilon
Fedhas
Gozag
Hepliaklqana
Makhleb
Nemelex Xobeh
Okawaru
Qazlal
Ru
Sif Muna
Trog
Uskayaw
Vehumet
Wu Jian
Xom
Yredelemnul
Zin
The Shining One

Shops:
D:3 *   D:4 *


Innate Abilities, Weirdness & Mutations

You are small and have problems with some larger weapons.
You are completely attuned to the shadows.


Message History

* * * LOW HITPOINT WARNING * * *
The killer bee barely misses you.
The killer bee buzzes angrily.
You feel better. The killer bee stings you. The killer bee misses you.
The killer bee stings you but does no damage.
The killer bee barely misses you. The killer bee closely misses you.
The killer bee stings you.
* * * LOW HITPOINT WARNING * * *
You miss the killer bee.
The killer bee is severely wounded.
The killer bee closely misses you.
The killer bee completely misses you. x2
The killer bee stings you!
* * * LOW HITPOINT WARNING * * *
The killer bee closely misses you. The killer bee misses you.
Okay, then.
Really read the scroll of poison?
The air fills with toxic fumes!
As you read the scroll of poison, it crumbles to dust.
The killer bee closely misses you. The killer bee completely misses you.
The killer bee barely misses you. The killer bee closely misses you. x3
You feel better. The killer bee closely misses you.
The killer bee stings you but does no damage.
The killer bee stings you.
* * * LOW HITPOINT WARNING * * *
You are poisoned.
The killer bee poisons you! The killer bee misses you.
The killer bee stings you.
* * * LOW HITPOINT WARNING * * *
You are more poisoned.
The killer bee poisons you! The killer bee stings you.
* * * LOW HITPOINT WARNING * * *
You are more poisoned.
The killer bee poisons you!
Okay, then.
Hit: r) +3 dagger (distort)
Press: ? - help, Dir - move target, f - killer bee
Aim: a killer bee (severely wounded, about 47% to evade your +3 dagger of distortion)
You hit the killer bee.
Space warps around the killer bee.
You kill the killer bee!
You die...

#§§§
#§§#
#§§#
##§§###
#@†§§§.
#yy§§§.
#y§§§§!
#§§§§§.
#§§§§§.
.......


You could see 3 killer bees.

Vanquished Creatures
  Pikel (D:6)
  Grinder (D:6)
  Sigmund (D:2)
  A wyvern (D:4)
  An orc warrior (D:5)
  3 sky beasts
  An ogre (D:4)
  A centaur (D:7)
  A phantom (D:6)
  A lemure (D:6)
  2 kobold brigands (D:6)
  A scorpion (D:5)
  A gnoll sergeant (D:7)
  4 wights (D:5)
  A killer bee (D:7)
  A howler monkey (D:5)
  2 hounds
  A jelly (D:4)
  Jessica (D:2)
  5 iguanas
  An orc wizard (D:5)
  4 gnolls (D:7)
  7 adders
  An ufetubus (D:6)
  11 dart slugs
  17 orcs
  4 bats
  7 endoplasms
  5 giant cockroaches
  9 goblins
  4 hobgoblins
  12 kobolds
  5 quokkas
  8 ball pythons
  2 frilled lizards (D:3)
  6 rats
134 creatures vanquished.

Notes
Turn   | Place    | Note
-------+----------+-------------------------------------------
     0 | D:1      | Graphine the Kobold Brigand began the quest for the Orb.
     0 | D:1      | Reached XP level 1. HP: 12/12 MP: 1/1
    78 | D:1      | Reached XP level 2. HP: 18/18 MP: 2/2
   163 | D:1      | Reached skill level 6 in Stealth
   357 | D:1      | Reached XP level 3. HP: 19/22 MP: 3/3
   839 | D:2      | Noticed Sigmund
   844 | D:2      | Killed Sigmund
   845 | D:2      | Reached skill level 8 in Stealth
   845 | D:2      | Reached XP level 4. HP: 29/29 MP: 4/4
   845 | D:2      | Reached XP level 5. HP: 33/33 MP: 5/5
   845 | D:2      | Reached XP level 6. HP: 38/38 MP: 6/6
   867 | D:2      | Noticed Jessica
   872 | D:2      | Killed Jessica
  1431 | D:3      | Reached skill level 9 in Stealth
  1470 | D:3      | Found Riehash's Assorted Antiques.
  1472 | D:3      | Bought a runed brass ring for 130 gold pieces
  1881 | D:3      | Learned a level 3 spell: Teleport Other
  2125 | D:4      | Found Lynilast's General Store.
  2162 | D:4      | You fall into a shaft and drop 2 floors!
  2190 | D:6      | Reached XP level 7. HP: 44/44 MP: 7/7
  2232 | D:6      | Found a staircase to the Ecumenical Temple.
  2238 | Temple   | Entered the Ecumenical Temple
  2241 | Temple   | Found a transporter.
  2241 | Temple   | Found a transporter.
  2243 | Temple   | Found a transporter.
  2243 | Temple   | Found a transporter.
  2327 | D:6      | Reached skill level 5 in Fighting
  2327 | D:6      | Reached skill level 10 in Stealth
  2399 | D:6      | Noticed Grinder
  2402 | D:5      | Entered Level 5 of the Dungeon
  2678 | D:5      | Reached skill level 11 in Stealth
  2678 | D:5      | Reached XP level 8. HP: 23/49 MP: 8/8
  2981 | D:5      | Found a hazy altar of Hepliaklqana.
  2981 | D:5      | Found a blossoming altar of Fedhas.
  3242 | D:4      | Found an opulent altar of Gozag.
  3448 | D:4      | Reached skill level 12 in Stealth
  3745 | D:4      | Noticed a wyvern
  3746 | D:4      | Killed a wyvern
  4385 | D:5      | Reached skill level 13 in Stealth
  4385 | D:5      | Reached XP level 9. HP: 56/56 MP: 9/9
  4490 | D:6      | Paralysed by Grinder for 5 turns
  4502 | D:6      | Killed Grinder
  4628 | D:6      | Noticed Pikel
  4633 | D:6      | Killed Pikel
  4634 | D:6      | Reached skill level 14 in Stealth
  5309 | D:7      | Reached skill level 15 in Stealth
  5444 | D:7      | HP: 1/60 [killer bee (6)]
  5445 | D:7      | Succumbed to a killer bee's poison

Illustrated notes

Levels and vault maps discovered:
D:1:      roderic_crossed_star, layout_basic
D:2:      layout_loops_cross, uniq_jessica, uniq_sigmund
D:3:      cheibrodos_old_hovel, layout_loops_cross, serial_shops,
          nicolae_shop_trees
D:4:      layout_basic, old_standard_altar, serial_shops, nicolae_square_shop,
          nicolae_titane
D:5:      kennysheep_slugbush, layout_loops_ring,
          chequers_temple_overflow_statue_of_worship, minmay_misc_feat_x
D:6:      layout_loops_corners, minmay_temple_entry_statues_pillars, uniq_pikel,
          uniq_grinder
D:7:      layout_basic
D:8:      layout_rooms, mainiacjoe_overflow_boulevard,
          due_lair_maze_entry_diamond, minivault_10, nicolae_inconvenience_store
Temple:   hellmonk_temple_divided_pantheon

Skill      XL: |  1  2  3  4  5  6  7  8  9 |
---------------+----------------------------+-----
Stealth        | 6 8 9 11 13 15 | 15.3
Fighting       | 4 5 6 8 |  8.4
Short Blades   | |  2.6
Throwing       | |  2.1
Dodging        | |  1.2

Action                     |  1- 3 |  4- 6 |  7- 9 || total
---------------------------+-------+-------+-------++-------
  Melee: Dagger            |    70 |    66 |   132 ||   268
  Throw: Dart              |     2 |     1 |    20 ||    23
    Use: Scroll            |     7 |       |     8 ||    15
         Potion            |       |       |     3 ||     3
   Stab: Sleeping          |    14 |    22 |    34 ||    70
         Distracted        |       |     1 |     1 ||     2
 Armour: Robe              |     9 |    12 |    16 ||    37
  Dodge: Dodged            |    55 |    34 |   128 ||   217
